 Dungeon Crawl Stone Soup version 0.21.0-3-g78d12a8 (webtiles) character file.

7356 Dfrag the Fighter (level 10, -2/106 HPs)
             Began as a Deep Dwarf Necromancer on Jan 13, 2018.
             Was a Follower of Makhleb.
             Slain by an unseen horror (10 damage)
             ... on level 10 of the Dungeon.
             The game lasted 00:29:54 (9307 turns).

Dfrag the Fighter (Deep Dwarf Necromancer)          Turns: 9307, Time: 00:29:55

Health: -2/106     AC:  5    Str: 13    XL:     10   Next: 91%
Magic:  2/20       EV: 17    Int: 23    God:    Makhleb [*.....]
Gold:   433        SH:  0    Dex: 13    Spells: 10/23 levels left

rFire    . . .     SeeInvis .   u - +0 whip (flame)
rCold    . . .     Gourm    .   (no shield)
rNeg     . . .     Faith    .   a - +0 robe
rPois    .         Spirit   .   r - +0 helmet
rElec    .         Reflect  .   (no cloak)
rCorr    .         Harm     .   (no gloves)
MR       +....                  n - +1 pair of boots
Stlth    ++........             (no amulet)
HPRegen  0.00/turn              I - +5 ring of evasion
MPRegen  0.17/turn              D - +5 ring of intelligence

@: non-regenerating
A: damage resistance, heal wounds, fangs 1, hooves 1, sense surroundings 2, no
regeneration
a: Heal Wounds, Renounce Religion


You were on level 10 of the Dungeon.
You worshipped Makhleb.
Makhleb was aware of your devotion.
You were very hungry.

You visited 2 branches of the dungeon, and saw 11 of its levels.

You collected 433 gold pieces.

Inventory:

Hand Weapons
 l - a +0 short sword
 u - a +0 whip of flaming (weapon)
Armour
 a - a +0 robe (worn)
 n - a +1 pair of boots (worn)
 r - a +0 helmet (worn)
Magical Staves
 w - an uncursed staff of power
Jewellery
 m - an uncursed amulet of guardian spirit
 t - an uncursed ring of positive energy
 D - a +5 ring of intelligence (right hand)
 I - a +5 ring of evasion (left hand)
Wands
 d - a wand of iceblast (5)
 j - a wand of enslavement (18)
 q - a wand of digging (16)
 J - a wand of polymorph (17)
 M - a wand of paralysis (23)
 O - a wand of disintegration (17)
 P - a wand of flame (26)
Scrolls
 e - 2 scrolls of enchant armour
 f - 2 scrolls of amnesia
 g - 5 scrolls of teleportation
 h - 7 scrolls of remove curse
 i - a scroll of fog
 k - 2 scrolls of immolation
 o - 4 scrolls of magic mapping
 A - a scroll of random uselessness
 E - 2 scrolls of fear
 F - a scroll of enchant weapon
Potions
 s - a potion of mutation
 v - 2 potions of curing
 x - 2 potions of magic
 z - 3 potions of degeneration {unknown}
 C - a potion of brilliance {unknown}
 G - 2 potions of agility
 H - a potion of berserk rage {unknown}
 L - a potion of haste {unknown}
 N - a potion of flight
Books
 b - a book of Necromancy

   Spells                             Type                      Level
   a - Pain                           Necromancy                   1
   b - Animate Skeleton               Necromancy                   1
   c - Vampiric Draining              Necromancy                   3
   d - Regeneration                   Charms/Necromancy            3
   e - Animate Dead                   Necromancy                   4
   f - Borgnjor's Vile Clutch         Necromancy/Earth             5
 p - a book of Minor Magic

   Spells                             Type                      Level
   a - Magic Dart                     Conjuration                  1
   b - Blink                          Translocation                2
   c - Call Imp                       Summoning                    2
   d - Slow                           Hexes                        2
   e - Conjure Flame                  Conjuration/Fire             3
   f - Mephitic Cloud                 Conjuration/Poison/Air       3
 y - a book of Maledictions

   Spells                             Type                      Level
   a - Corona                         Hexes                        1
   b - Ensorcelled Hibernation        Hexes/Ice                    2
   c - Confuse                        Hexes                        3
   d - Tukima's Dance                 Hexes                        3
   e - Dazzling Spray                 Conjuration/Hexes            3
 K - a book of Geomancy

   Spells                             Type                      Level
   a - Sandblast                      Earth                        1
   b - Passwall                       Transmutation/Earth          2
   c - Stone Arrow                    Conjuration/Earth            3
   d - Petrify                        Transmutation/Earth          4
   e - Lee's Rapid Deconstruction     Earth                        5
Comestibles
 c - 22 rations
 B - a chunk of flesh


   Skills:
 - Level 12.0 Fighting
 - Level 2.1 Dodging
 - Level 2.4 Stealth
 + Level 7.0 Spellcasting
 + Level 2.8 Conjurations
 - Level 7.1 Necromancy
 + Level 1.4 Earth Magic


You had 10 spell levels left.
You knew the following spells:

 Your Spells              Type           Power        Failure   Level  Hunger
a - Pain                  Necr           ####         1%          1    None
b - Vampiric Draining     Necr           #####.....   1%          3    None
c - Stone Arrow           Conj/Erth      ###...       10%         3    None
d - Mephitic Cloud        Conj/Pois/Air  ##......     16%         3    None
e - Conjure Flame         Conj/Fire      ##......     13%         3    None


Dungeon Overview and Level Annotations

Branches:
Dungeon (10/15)            Temple (1/1) D:7            Lair (0/6) D:9
    Orc (0/2) D:9

Altars:
Cheibriados
Dithmenos
Fedhas
Gozag
Makhleb
Okawaru
Qazlal
Ru
Sif Muna
Uskayaw
Vehumet
Wu Jian
Xom
Yredelemnul
Zin

Shops:
D:7 %


Innate Abilities, Weirdness & Mutations

You are resistant to damage.
You can heal yourself by infusing magical energy.
You passively map the area around you.
You do not regenerate.
You have very sharp teeth.
You have large cloven feet.


Message History

* * * LOW HITPOINT WARNING * * *
Unknown command.
Unknown command.
Evoke which item? (* to show all) (? for menu, Esc to quit)
Aiming: Iceblast
Press: ? - help, Shift-Dir - straight line
Okay, then.
Evoke which item? (* to show all) (? for menu, Esc to quit)
Aiming: Disintegrate
Press: ? - help, Shift-Dir - straight line Nothing appears to happen.
Something hits you!
* * * LOW HITPOINT WARNING * * *
Evoke which item? (* to show all) (? for menu, Esc to quit)
Aiming: Disintegrate
Press: ? - help, Shift-Dir - straight line Nothing appears to happen.
Something hits you.
* * * LOW HITPOINT WARNING * * *
Unknown command.
Something hits you!
You die...

* ,#...............#
, #...............#
#.............### ,
* #.............# ,
* * +.......###...#
, , #....{..# #...>.
, , #.#'#####.#.....
* * * ,> +.....?.#
...., * , ####,
#...@...# ,>.. ,* ,
...#,+ #.......# , *
...# #.......+ *
...# #.......# *
,,*...###.######..#,
, , , ......., ###
#####....... ,, , ,
, ......#* * * , ,
,, ......# * *


There were no monsters in sight!

Vanquished Creatures
  2 two-headed ogres
  Pikel (D:5)
  Psyche (D:8)
  A troll (D:6)
  Sigmund (D:3)
  4 yaks
  A human (D:7)
  A wraith (D:9)
  3 hogs
  Eustachio (D:6)
  Duvessa (D:5)
  An orc warrior (D:6)
  An ice beast (D:9)
  2 sky beasts
  A slave (D:5)
  2 black bears
  3 ogres
  2 phantoms
  3 centaurs
  A necrophage (D:8)
  2 big kobolds (D:9)
  A wyvern zombie (D:9)
  3 bullfrogs
  Dowan (D:5)
  A scorpion (D:9)
  3 killer bees (D:9)
  4 wights (D:9)
  A howler monkey (D:5)
  4 crimson imps
  6 orc priests
  2 centaur zombies
  2 jellies
  5 orc wizards
  6 hounds
  2 iguanas (D:8)
  2 worker ants
  A worker ant zombie (D:6)
  8 adders
  3 gnolls (D:2)
  A howler monkey skeleton (D:4)
  An ooze (D:5)
  An adder skeleton (D:5)
  3 worms
  2 dart slugs
  5 leopard geckos
  29 orcs
  6 giant cockroaches
  2 goblins (D:1)
  11 hobgoblins
  11 jackals
  3 quokkas
  4 ball pythons
  3 bats
  9 frilled lizards
  19 kobolds
  2 leopard gecko skeletons
  2 quokka skeletons (D:5)
  7 rats
211 creatures vanquished.

Vanquished Creatures (others)
  A bullfrog (D:5)
  A worker ant (D:5)
2 creatures vanquished.

Grand Total: 213 creatures vanquished

Notes
Turn   | Place    | Note
-------+----------+-------------------------------------------
     0 | D:1      | Dfrag the Deep Dwarf Necromancer began the quest for the Orb.
     0 | D:1      | Reached XP level 1. HP: 15/15 MP: 3/3
   372 | D:1      | Reached XP level 2. HP: 22/22 MP: 3/5
   842 | D:3      | Reached XP level 3. HP: 28/28 MP: 0/7
  1108 | D:2      | Learned a level 3 spell: Vampiric Draining
  1121 | D:2      | Reached skill level 5 in Necromancy
  1131 | D:2      | Reached XP level 4. HP: 15/36 MP: 0/8
  1369 | D:2      | Found a blossoming altar of Fedhas.
  2068 | D:3      | Gained mutation: You have very sharp teeth. [potion of mutation]
  2068 | D:3      | Gained mutation: You have large cloven feet. [potion of mutation]
  2092 | D:3      | Reached XP level 5. HP: 27/42 MP: 3/10
  2192 | D:3      | Noticed Sigmund
  2202 | D:3      | Killed Sigmund
  2202 | D:3      | Reached XP level 6. HP: 27/49 MP: 1/13
  2217 | D:3      | Found a snail-covered altar of Cheibriados.
  2678 | D:4      | Found a shadowy altar of Dithmenos.
  2706 | D:4      | Reached skill level 5 in Spellcasting
  2773 | D:5      | Entered Level 5 of the Dungeon
  3104 | D:5      | Noticed Pikel
  3104 | D:5      | Noticed a slave
  3104 | D:5      | Noticed a slave
  3121 | D:5      | Killed a slave
  3300 | D:5      | Noticed a slave
  3300 | D:5      | Noticed a slave
  3362 | D:5      | Killed Pikel
  3362 | D:5      | Reached XP level 7. HP: 28/55 MP: 0/16
  3462 | D:5      | Noticed Dowan
  3463 | D:5      | Noticed Duvessa
  3536 | D:5      | Killed Duvessa
  3536 | D:5      | Reached skill level 1 in Fighting
  3544 | D:5      | Killed Dowan
  3544 | D:5      | Reached skill level 2 in Fighting
  3544 | D:5      | Reached XP level 8. HP: 33/67 MP: 0/17
  3877 | D:5      | Reached skill level 3 in Fighting
  4168 | D:5      | Reached skill level 4 in Fighting
  4234 | D:6      | Found a deep blue altar of Sif Muna.
  4328 | D:6      | Reached skill level 5 in Fighting
  4424 | D:6      | Learned a level 3 spell: Conjure Flame
  4428 | D:6      | Learned a level 3 spell: Mephitic Cloud
  4472 | D:6      | Reached skill level 6 in Fighting
  4521 | D:6      | Noticed Eustachio
  4525 | D:6      | Gained mutation: You passively map the area around you. [Deep Dwarf growth]
  4525 | D:6      | Reached XP level 9. HP: 30/85 MP: 1/18
  4765 | D:6      | Killed Eustachio
  4765 | D:6      | Reached skill level 7 in Fighting
  5187 | D:6      | Noticed a troll
  5196 | D:6      | Killed a troll
  5196 | D:6      | Reached skill level 8 in Fighting
  5446 | D:7      | Found Kekula's Food Boutique.
  5546 | D:7      | Found a shimmering altar of Xom.
  5547 | D:7      | Found a glowing silver altar of Zin.
  5548 | D:7      | Found a basalt altar of Yredelemnul.
  5551 | D:7      | Found an iron altar of Okawaru.
  5552 | D:7      | Found a sacrificial altar of Ru.
  5877 | D:7      | Found a staircase to the Ecumenical Temple.
  5913 | D:7      | Noticed a two-headed ogre
  5921 | Temple   | Entered the Ecumenical Temple
  5937 | Temple   | Killed a two-headed ogre
  5937 | Temple   | Reached skill level 9 in Fighting
  5967 | Temple   | Became a worshipper of Makhleb the Destroyer
  6131 | D:7      | Found an ornate altar of the Wu Jian Council.
  6235 | D:7      | Reached skill level 10 in Fighting
  6292 | D:6      | Reached XP level 10. HP: 22/103 MP: 0/19
  6970 | D:8      | Noticed a two-headed ogre
  7141 | D:7      | Killed a two-headed ogre
  7141 | D:7      | Reached skill level 11 in Fighting
  7336 | D:8      | Found an opulent altar of Gozag.
  7347 | D:8      | Noticed Psyche
  7579 | D:8      | Killed Psyche
  7850 | D:9      | Reached * piety under Makhleb
  7950 | D:8      | HP: 1/106 [yak (13)]
  7962 | D:8      | Reached skill level 12 in Fighting
  8209 | D:9      | Reached skill level 1 in Conjurations
  8602 | D:9      | Noticed a two-headed ogre
  8611 | D:10     | Entered Level 10 of the Dungeon
  8668 | D:9      | Found a staircase to the Lair.
  8779 | D:9      | Found a staircase to the Orcish Mines.
  8974 | D:9      | Learned a level 3 spell: Stone Arrow
  9204 | D:10     | Reached skill level 1 in Earth Magic
  9224 | D:10     | Noticed a cyclops
  9307 | D:10     | Slain by an unseen horror

Skill      XL: |  1  2  3  4  5  6  7  8  9 10 |
---------------+-------------------------------+-----
Spellcasting   | 2 3 4 6 7 |  7.0
Necromancy     | 5 6 7 |  7.1
Fighting       | 2 6 10 12 | 12.0
Conjurations   | 2 |  2.8
Earth Magic    | 1 |  1.4
Dodging        | |  2.1
Stealth        | |  2.4

Action                   |  1- 3 |  4- 6 |  7- 9 | 10-12 || total
-------------------------+-------+-------+-------+-------++-------
Melee: Unarmed           |     5 |       |       |       ||     5
       Short sword       |     5 |    87 |       |       ||    92
       Bite              |       |    13 |    20 |    30 ||    63
       Whip              |       |       |   192 |   175 ||   367
       Staff             |       |       |     6 |       ||     6
 Cast: Pain              |    67 |    62 |    14 |     2 ||   145
       Vampiric Draining |       |    34 |    80 |    91 ||   205
       Stone Arrow       |       |       |       |     7 ||     7
       Mephitic Cloud    |       |       |       |     2 ||     2
       Conjure Flame     |       |       |       |     1 ||     1
 Abil: Heal Wounds       |     1 |     1 |     2 |     1 ||     5
Evoke: Wand              |       |       |    12 |    18 ||    30
  Use: Potion            |       |     4 |     3 |     5 ||    12
       Scroll            |       |       |       |    13 ||    13
 Stab: Sleeping          |       |     1 |     1 |     1 ||     3
  Eat: Chunk             |     1 |    10 |    10 |    10 ||    31
Armor: Robe              |    11 |    29 |    81 |    58 ||   179
       Skin              |       |     9 |       |       ||     9
Dodge: Dodged            |    21 |    71 |   193 |   277 ||   562
